AAA
OTTAWA BEAVERS @ ALLENTOWN A'S
04/22/2060
 
TOP OF THE 1ST
Ottawa Beavers batting - Pitching for Allentown A's : RHP Dylon Jenkins
Pitching: RHP Dylon Jenkins
Batting: RHB Julius Simpson 0-0: Ball
1-0: Ground out 5-3 (Groundball, 56, EV 90.0 MPH)
Batting: RHB Jaboree Kafengauz 0-0: Ball
1-0: Ball
2-0: Foul Ball, location: 2F
2-1: Swinging Strike
2-2: Strikes out swinging
Batting: LHB Evan Dollar 0-0: Foul Ball, location: 2F
0-1: Ground out 6-3 (Groundball, 56, EV 90.6 MPH)
Top of the 1st over - 0 runs, 0 hits, 0 errors, 0 left on base; Ottawa 0 - Allentown 0
BOTTOM OF THE 1ST
Allentown A's batting - Pitching for Ottawa Beavers : RHP Theodore Barkley
Pitching: RHP Theodore Barkley
Batting: RHB Tracy Wick 0-0: Ball
1-0: Ground out U3 (Groundball, 23, EV 89.4 MPH)
Batting: SHB Gage Wilson 0-0: Called Strike
0-1: Ball
1-1: Ball
2-1: Ground out 4-3 (Groundball, 4, EV 78.1 MPH)
Batting: LHB Spencer Murdock 0-0: Called Strike
0-1: Ball
1-1: Ball
2-1: Ball
3-1: Base on Balls
Batting: RHB Logan Barbee 0-0: Called Strike
0-1: Swinging Strike
0-2: Ball
1-2: Strikes out looking
Bottom of the 1st over - 0 runs, 0 hits, 0 errors, 1 left on base; Ottawa 0 - Allentown 0
TOP OF THE 2ND
Ottawa Beavers batting - Pitching for Allentown A's : RHP Dylon Jenkins
Batting: LHB Cole Tester 0-0: Foul Ball, location: 2F
0-1: Ball
1-1: SOLO HOME RUN (Flyball, 9LD, EV 92.5 MPH), Distance : 351 ft
Batting: RHB Carlos Kinney 0-0: Ball
1-0: Called Strike
1-1: Foul Ball, location: 2F
1-2: Ball
2-2: Foul Ball, location: 2F
2-2: Ball
3-2: Foul Ball, location: 2F
3-2: Ground out 6-3 (Groundball, 6, EV 83.8 MPH)
Batting: LHB Isaac Luo 0-0: Ball
1-0: Ball
2-0: Foul Ball, location: 2F
2-1: Ground out 6-3 (Groundball, 6D, EV 82.5 MPH)
Batting: RHB Gavin Wright 0-0: Swinging Strike
0-1: Ball
1-1: Swinging Strike
1-2: Strikes out swinging
Top of the 2nd over - 1 run, 1 hit, 0 errors, 0 left on base; Ottawa 1 - Allentown 0
BOTTOM OF THE 2ND
Allentown A's batting - Pitching for Ottawa Beavers : RHP Theodore Barkley
Batting: LHB Cole Marshall 0-0: Ball
1-0: Ball
2-0: Ball
3-0: Base on Balls
Batting: RHB Xander Oakley 0-0: Swinging Strike
0-1: Swinging Strike
0-2: Ball
1-2: Strikes out looking
Batting: LHB Beau Jindrisek 0-0: Called Strike
0-1: Swinging Strike
0-2: Foul Ball, location: 2F
0-2: Ball
1-2: Ball
2-2: Ball
3-2: Base on Balls
Cole Marshall to second
Batting: RHB Freeman Chavez 0-0: Grounds into double play, 6-4-3 (Groundball, 56, EV 93.1 MPH)
Bottom of the 2nd over - 0 runs, 0 hits, 0 errors, 1 left on base; Ottawa 1 - Allentown 0
TOP OF THE 3RD
Ottawa Beavers batting - Pitching for Allentown A's : RHP Dylon Jenkins
Batting: SHB Jim Arvin 0-0: Ball
1-0: Fly out, F9 (Flyball, 9S, EV 85.6 MPH)
Batting: RHB Chas Finley 0-0: Called Strike
0-1: Ball
1-1: Fly out, F8 (Line Drive, 78D, EV 91.9 MPH)
Batting: RHB Julius Simpson 0-0: Ball
1-0: Fly out, F6 (Popup, P, EV 79.4 MPH)
Top of the 3rd over - 0 runs, 0 hits, 0 errors, 0 left on base; Ottawa 1 - Allentown 0
BOTTOM OF THE 3RD
Allentown A's batting - Pitching for Ottawa Beavers : RHP Theodore Barkley
Batting: LHB Rufus Cartellieri 0-0: Ball
1-0: Ball
2-0: Called Strike
2-1: Foul Ball, location: 2F
2-2: SINGLE (Groundball, 6MD, EV 101.9 MPH)
Batting: RHB Tracy Wick 0-0: Foul Ball, location: 2F
0-1: Ball
1-1: Ball
2-1: SINGLE (Line Drive, 4MD, EV 98.1 MPH)
Rufus Cartellieri to second
Runner from 2nd tries for 3rd, SAFE, throw by CF made to third
Batting: SHB Gage Wilson 0-0: Swinging Strike
0-1: SINGLE (Groundball, 6D, EV 98.8 MPH)
Rufus Cartellieri scores
Tracy Wick to second
Batting: LHB Spencer Murdock 0-0: Called Strike
0-1: Swinging Strike
0-2: Foul Ball, location: 2F
0-2: Ball
1-2: Foul Ball, location: 2F
1-2: Ball
2-2: Ball
3-2: Fly out, F7 (Flyball, 7, EV 78.1 MPH)
Batting: RHB Logan Barbee 0-0: Called Strike
0-1: Ball
1-1: Ball
2-1: Ball
3-1: Foul Ball, location: 2F
3-2: Base on Balls
Tracy Wick to third
Gage Wilson to second
Batting: LHB Cole Marshall 0-0: Called Strike
0-1: Ball
1-1: Foul Ball, location: 2F
1-2: Foul Ball, location: 2F
1-2: Ball
2-2: Foul Ball, location: 2F
2-2: Ball
3-2: Base on Balls
Tracy Wick scores
Gage Wilson to third
Logan Barbee to second
Batting: RHB Xander Oakley 0-0: Foul Ball, location: 2F
0-1: Ground out 4-3 (Groundball, 4M, EV 95.0 MPH)
Gage Wilson scores
Logan Barbee to third
Cole Marshall to second
Batting: LHB Beau Jindrisek 0-0: Ball
1-0: Called Strike
1-1: Called Strike
1-2: Fly out, F8 (Flyball, 89D, EV 83.8 MPH)
Bottom of the 3rd over - 3 runs, 3 hits, 0 errors, 2 left on base; Ottawa 1 - Allentown 3
TOP OF THE 4TH
Ottawa Beavers batting - Pitching for Allentown A's : RHP Dylon Jenkins
Batting: RHB Jaboree Kafengauz 0-0: Ball
1-0: Swinging Strike
1-1: Ball
2-1: Swinging Strike
2-2: Foul Ball, location: 2F
2-2: Foul Ball, location: 2F
2-2: Ground out 3-1 (Groundball, 34, EV 106.2 MPH)
Batting: LHB Evan Dollar 0-0: Ball
1-0: Called Strike
1-1: Ground out 4-3 (Groundball, 34D, EV 104.4 MPH)
Batting: LHB Cole Tester 0-0: Called Strike
0-1: Foul Ball, location: 2F
0-2: Ball
1-2: Strikes out swinging
Top of the 4th over - 0 runs, 0 hits, 0 errors, 0 left on base; Ottawa 1 - Allentown 3
BOTTOM OF THE 4TH
Allentown A's batting - Pitching for Ottawa Beavers : RHP Theodore Barkley
Batting: RHB Freeman Chavez 0-0: Foul Ball, location: 2F
0-1: Ball
1-1: Ball
2-1: Ball
3-1: Called Strike
3-2: Base on Balls
Batting: LHB Rufus Cartellieri 0-0: Foul Ball, location: 2F
0-1: Ball
1-1: Ball
2-1: Called Strike
2-2: Grounds into double play, 4-6-3 (Groundball, 4, EV 100.6 MPH)
Batting: RHB Tracy Wick 0-0: Foul Ball, location: 2F
0-1: Ball
1-1: Ball
2-1: Ball
3-1: Base on Balls
Batting: SHB Gage Wilson 0-0: Ball
1-0: Ball
2-0: Ball
3-0: Base on Balls
Tracy Wick to second
Batting: LHB Spencer Murdock 0-0: Called Strike
0-1: Fly out, F7 (Flyball, 7D, EV 88.1 MPH)
Bottom of the 4th over - 0 runs, 0 hits, 0 errors, 2 left on base; Ottawa 1 - Allentown 3
TOP OF THE 5TH
Ottawa Beavers batting - Pitching for Allentown A's : RHP Dylon Jenkins
Batting: RHB Carlos Kinney 0-0: Ball
1-0: Called Strike
1-1: DOUBLE (Groundball, 5L, EV 108.1 MPH)
Batting: LHB Isaac Luo 0-0: Ball
1-0: Ball
2-0: Called Strike
2-1: Called Strike
2-2: Ball
3-2: Strikes out swinging
Batting: RHB Gavin Wright 0-0: Called Strike
0-1: Ball
1-1: Foul Ball, location: 2F
1-2: Ball
2-2: SINGLE (Line Drive, 6MD, EV 100.0 MPH)
Carlos Kinney to third
Throwing error, E8
Carlos Kinney scores
Gavin Wright to second
Batting: SHB Jim Arvin 0-0: Ball
1-0: Foul Ball, location: 2F
1-1: Ball
2-1: Ball
3-1: Called Strike
3-2: Strikes out swinging
Batting: RHB Chas Finley 0-0: Ball
1-0: Ball
2-0: Called Strike
2-1: Foul Ball, location: 2F
2-2: Foul Ball, location: 2F
2-2: Ground out 3-1 (Groundball, 34S, EV 80.6 MPH)
Top of the 5th over - 1 run, 2 hits, 1 error, 1 left on base; Ottawa 2 - Allentown 3
BOTTOM OF THE 5TH
Allentown A's batting - Pitching for Ottawa Beavers : RHP Theodore Barkley
Batting: RHB Logan Barbee 0-0: Swinging Strike
0-1: Ball
1-1: Ball
2-1: Ball
3-1: Base on Balls
Batting: LHB Cole Marshall 0-0: Ball
1-0: Fly out, F7 (Flyball, 7D, EV 88.1 MPH)
Runner from 1st tags up, SAFE at 2nd
Batting: RHB Xander Oakley 0-0: Swinging Strike
0-1: Fly out, F9 (Flyball, 89S, EV 90.0 MPH)
Batting: LHB Beau Jindrisek 0-0: Ball
1-0: Ball
2-0: Fly out, F8 (Line Drive, 8LM, EV 93.8 MPH)
Bottom of the 5th over - 0 runs, 0 hits, 0 errors, 1 left on base; Ottawa 2 - Allentown 3
TOP OF THE 6TH
Ottawa Beavers batting - Pitching for Allentown A's : RHP Dylon Jenkins
Pitching: RHP Torin Martinez
Batting: RHB Julius Simpson 0-0: Fly out, F6 (Line Drive, 6, EV 63.1 MPH)
Batting: RHB Jaboree Kafengauz 0-0: Ball
1-0: Foul Ball, location: 2F
1-1: Ball
2-1: Ball
3-1: Ground out 6-3 (Groundball, 6S, EV 81.2 MPH)
Batting: LHB Evan Dollar 0-0: Ball
1-0: Ball
2-0: Called Strike
2-1: Ball
3-1: Ground out 6-3 (Groundball, 6, EV 87.5 MPH)
Top of the 6th over - 0 runs, 0 hits, 0 errors, 0 left on base; Ottawa 2 - Allentown 3
BOTTOM OF THE 6TH
Allentown A's batting - Pitching for Ottawa Beavers : RHP Theodore Barkley
Pitching: RHP Owen Carr
Batting: RHB Freeman Chavez 0-0: Ball
1-0: Foul Ball, location: 2F
1-1: Fly out, F9 (Flyball, 9, EV 90.0 MPH)
Batting: LHB Rufus Cartellieri 0-0: Foul Ball, location: 2F
0-1: Foul Ball, location: 2F
0-2: Ball
1-2: Ball
2-2: Ball
3-2: Base on Balls
Batting: RHB Tracy Wick 0-0: Foul Ball, location: 2F
0-1: Ball
1-1: Called Strike
1-2: Grounds into double play, 6-4-3 (Groundball, 6, EV 105.6 MPH)
Bottom of the 6th over - 0 runs, 0 hits, 0 errors, 0 left on base; Ottawa 2 - Allentown 3
TOP OF THE 7TH
Ottawa Beavers batting - Pitching for Allentown A's : RHP Torin Martinez
Batting: LHB Cole Tester 0-0: TRIPLE (Flyball, 89XD, EV 111.2 MPH)
Batting: RHB Carlos Kinney 0-0: Ball
1-0: Ball
2-0: Ball
3-0: SINGLE (Groundball, 34, EV 100.0 MPH)
Cole Tester scores
Batting: LHB Isaac Luo 0-0: Bunted foul
0-1: Sac Bunt to 15S - play at first, batter OUT! 1-4
Carlos Kinney to second
Batting: RHB Gavin Wright 0-0: Ball
Wild Pitch!
Carlos Kinney to third
1-0: Foul Ball, location: 2F
1-1: Called Strike
1-2: Ground out U3 (Groundball, 34S, EV 85.6 MPH)
Batting: SHB Jim Arvin 0-0: Ball
1-0: Ball
2-0: Ball
3-0: Called Strike
3-1: Base on Balls
Batting: RHB Chas Finley 0-0: Fly out, F8 (Flyball, 78M, EV 85.6 MPH)
Top of the 7th over - 1 run, 2 hits, 0 errors, 2 left on base; Ottawa 3 - Allentown 3
BOTTOM OF THE 7TH
Allentown A's batting - Pitching for Ottawa Beavers : RHP Owen Carr
Batting: SHB Gage Wilson 0-0: SOLO HOME RUN (Flyball, 78XD, EV 111.2 MPH), Distance : 435 ft
Pitching: LHP Garrett Chartrand
Batting: LHB Spencer Murdock 0-0: Swinging Strike
0-1: Called Strike
0-2: Ball
1-2: Foul Ball, location: 2F
1-2: Strikes out swinging
Batting: RHB Logan Barbee 0-0: Foul Ball, location: 2F
0-1: Ball
1-1: Fly out, F3 (Popup, 3S, EV 78.8 MPH)
Batting: LHB Cole Marshall 0-0: Foul Ball, location: 2F
0-1: Foul Ball, location: 2F
0-2: Strikes out looking
Bottom of the 7th over - 1 run, 1 hit, 0 errors, 0 left on base; Ottawa 3 - Allentown 4
TOP OF THE 8TH
Ottawa Beavers batting - Pitching for Allentown A's : RHP Torin Martinez
Batting: RHB Julius Simpson 0-0: Called Strike
0-1: Ball
1-1: Called Strike
1-2: Strikes out looking
Pinch Hitting: LHB Tommy Tuten 0-0: Called Strike
0-1: Called Strike
0-2: Ball
1-2: Ground out 6-3 (Groundball, 6, EV 93.1 MPH)
Batting: LHB Evan Dollar 0-0: Ball
1-0: Foul Ball, location: 2F
1-1: Called Strike
1-2: Strikes out looking
Top of the 8th over - 0 runs, 0 hits, 0 errors, 0 left on base; Ottawa 3 - Allentown 4
BOTTOM OF THE 8TH
Allentown A's batting - Pitching for Ottawa Beavers : LHP Garrett Chartrand
Now at 2B: Darren Clark
Batting: RHB Xander Oakley 0-0: Foul Ball, location: 2F
0-1: SINGLE (Groundball, 6MD, EV 95.6 MPH)
Batting: LHB Beau Jindrisek 0-0: Bunted foul
0-1: Bunted foul
0-2: Ball
1-2: Ball
2-2: Ball
3-2: Base on Balls
Xander Oakley to second
Batting: RHB Freeman Chavez 0-0: Bunted foul
0-1: Bunted foul
0-2: Ball
1-2: Ball
2-2: Grounds into double play, 6-4-3 (Groundball, 6, EV 103.1 MPH)
Xander Oakley to third
Batting: LHB Rufus Cartellieri 0-0: Ball
1-0: Ground out 6-3 (Groundball, 6, EV 86.2 MPH)
Bottom of the 8th over - 0 runs, 1 hit, 0 errors, 1 left on base; Ottawa 3 - Allentown 4
TOP OF THE 9TH
Ottawa Beavers batting - Pitching for Allentown A's : RHP Torin Martinez
Pitching: RHP J.R. Naples
Batting: LHB Cole Tester 0-0: Ball
1-0: Swinging Strike
1-1: Called Strike
1-2: Ball
2-2: Strikes out swinging
Batting: RHB Carlos Kinney 0-0: Foul Ball, location: 2F
0-1: Called Strike
0-2: Ball
1-2: Foul Ball, location: 2F
1-2: Fly out, F7 (Flyball, 7, EV 86.9 MPH)
Batting: LHB Isaac Luo 0-0: Called Strike
0-1: Ball
1-1: Ball
2-1: Foul Ball, location: 2F
2-2: Strikes out swinging
Top of the 9th over - 0 runs, 0 hits, 0 errors, 0 left on base; Ottawa 3 - Allentown 4
Monday, April 29th , 2024 - OOTP Baseball 23.10 Build 110